Match 46641818
Unlisted

Match 46641818
End
Selects Airborne Battlegroup
Selects Heavy Machine Gun Paradrop
Heavy Machine Gun Paradrop
Scout Squad
Construct Weapon Support Center
Bazooka Squad
Heavy Machine Gun Paradrop
Infantry Support Center
M3 Armored Personnel Carrier
Selects Paratrooper Squad Paradrop
Paratrooper Squad Paradrop
Construct Medical Station
Construct Motor Pool
M8 Greyhound Armored Car
Engineer Squad
Paratrooper Squad Paradrop
M24 Chaffee Light Tank
Selects Recon Loiter
Selects Supply Drop
Supply Drop
Munitions Surplus
Construct Tank Depot
Recon Loiter
M4A1 Sherman Medium Tank
Paratrooper Squad Paradrop
MikoMikoSpark
Dark Lord Cthulhu
0
0

Comments sign in to comment!

No comments posted yet!